 Dungeon Crawl Stone Soup version 0.30-a0-860-g512cf1e979 (webtiles) character file.

Game seed: 14348428988057581375

7 jasper the Ruffian (level 1, 22/22 HPs)
             Began as a Troll Berserker on Mar 7, 2023.
             Was a Follower of Trog.
             Quit the game on level 1 of the Dungeon.
             The game lasted 00:00:23 (183 turns).

jasper the Ruffian (Troll Berserker)                 Turns: 183, Time: 00:00:24

Health: 22/22      AC:  4    Str: 24    XL:     1   Next: 83%
Magic:  0/0        EV: 10    Int:  3    God:    Trog [*.....]
Gold:   0          SH:  0    Dex:  9    Spells: 0/0 levels left

rFire   . . .      SeeInvis .      - Unarmed
rCold   . . .      Faith    .    (no shield)
rNeg    . . .      Spirit   .    a - +0 animal skin
rPois   .          Reflect  .    (helmet restricted)
rElec   .          Rampage  .    (no cloak)
rCorr   .                        (gloves unavailable)
Will    .....                    (boots unavailable)
Stlth   +                        (no amulet)
HPRegen 1.03/turn                (no ring)
MPRegen 0.07/turn                (no ring)

@: no status effects
A: large, unfitting armour, claws 3, regeneration 1, shaggy fur 1, tough skin 1
a: Renounce Religion, Berserk


You were on level 1 of the Dungeon.
You worshipped Trog.
Trog was aware of your devotion.
You visited 1 branch of the dungeon, and saw 1 of its levels.

Inventory:

Armour
 a - a +0 animal skin (worn)
Scrolls
 b - a scroll of fog {unknown}
Potions
 c - a potion of curing {unknown}


   Skills:
 + Level 2.5 Fighting
 + Level 2.5 Dodging
 * Level 3.2 Unarmed Combat


You couldn't memorise any spells.
You didn't know any spells.
Your spell library was empty.

Dungeon Overview and Level Annotations

Branches:
Dungeon (1/15)

Altars:


Innate Abilities, Weirdness & Mutations

You are too large for most types of armour.
You have claws for hands.
Your natural rate of healing is unusually fast.
You are covered in fur. (AC +1)
You have tough skin. (AC +1)


Message History

You closely miss the kobold.
The kobold is moderately wounded.
The kobold hits you but does no damage.
You scratch the kobold but do no damage.
The kobold is moderately wounded.
The kobold hits you but does no damage.
Health restored: 22 You claw the kobold!
You kill the kobold!
Trog accepts your kill.
b - a scroll labelled DESTOAMNA You see here a +0 club.
An endoplasm comes into view.
Found a buckler.
The endoplasm quivers.
An endoplasm is nearby!
An endoplasm is nearby!
The endoplasm closely misses you.
You scratch the endoplasm.
The endoplasm is severely wounded.
The endoplasm misses you.
You scratch the endoplasm.
You kill the endoplasm!
Trog accepts your kill.
Found a whip and a sedimented sapphire potion.
A goblin comes into view. It is wielding a +0 dagger.
The goblin shouts!
You see here a +0 buckler.
You scratch the goblin.
You kill the goblin!
Trog accepts your kill.
Things that are here:
a +0 dagger; a goblin corpse
c - a sedimented sapphire potion
Found a stone staircase leading down.
Found a club.
A kobold comes into view. It is wielding a +2 whip of pain.
The kobold shouts!
A kobold is nearby!
Are you sure you want to abandon this character and quit the game? (Confirm with "yes".)

### #.# ##.# ###
# #.# #..#
#.###..# #.#....#
#....).# #......#
######.#
#......###......#
#.#.#......######
.....#.####@#
.............#
##..###.###..#
#.. #. .... #.
##.#. .. .. K. .#
#. .. .. ...


You could see a kobold.

Vanquished Creatures
  2 endoplasms (D:1)
  A goblin (D:1)
  A hobgoblin (D:1)
  A kobold (D:1)
5 creatures vanquished.

Notes
Turn   | Place    | Note
-------+----------+-------------------------------------------
     0 | D:1      | jasper the Troll Berserker began the quest for the Orb.
     0 | D:1      | Reached XP level 1. HP: 22/22 MP: 0/0
   183 | D:1      | Quit the game

Illustrated notes

Levels and vault maps discovered:
D:1:      nzn_arrival_depleted_hourglass, layout_basic,
          dreamdust_ecumenical_altar_hidden_monk_grotto

Action                     || total
---------------------------++-------
  Melee: Unarmed           ||    11
 Armour: Animal skin       ||     3
  Dodge: Dodged            ||     2

Table legend: (Time is in decaauts)
 A = Elapsed time spent in this place.
 B = Non-inter-level travel time spent in this place.
 C = Inter-level travel time spent in this place.
 D = Time resting spent in this place.
 E = Time spent auto-exploring this place.
 F = Levels seen in this place.
 G = Mean time per level.
                   A        B        C        D        E       F      G
               +--------+--------+--------+--------+--------+-----+--------+
         Total |    182 |    182 |      0 |      0 |    127 |   1 |  182.0 |
       Dungeon |    182 |    182 |      0 |      0 |    127 |   1 |  182.0 |
               +--------+--------+--------+--------+--------+-----+--------+

Top non-repeatable levels by time:
     D:1: 182 daAuts
